SL
ECHO PARK LAKERS @ PITTSBURGH KINGFISHERS
06/10/2050
 
TOP OF THE 1ST
Echo Park Lakers batting - Pitching for Pittsburgh Kingfishers : LHP Craig Culver
Pitching: LHP Craig Culver
Batting: LHB Jorge Quilez 0-0: Fly out, F5 (Popup, 56S, EV 79.4 MPH)
Batting: RHB Jochen Nelis 0-0: Ball
1-0: Ball
2-0: Ball
3-0: Base on Balls
Batting: RHB Jon Griffin 0-0: Swinging Strike
Jochen Nelis is caught stealing 2nd base 2-4
0-1: Foul Ball, location: 2F
0-2: Ball
1-2: Ball
2-2: Strikes out swinging
Top of the 1st over - 0 runs, 0 hits, 0 errors, 0 left on base; Echo Park 0 - Pittsburgh 0
BOTTOM OF THE 1ST
Pittsburgh Kingfishers batting - Pitching for Echo Park Lakers : RHP Bungay Osiman
Pitching: RHP Bungay Osiman
Batting: RHB Shuan-yan Bu 0-0: Ball
1-0: Fly out, F8 (Flyball, 8LM, EV 80.6 MPH)
Batting: LHB Kyung-chul Son 0-0: Called Strike
0-1: Ball
1-1: Ball
2-1: Ball
3-1: Swinging Strike
3-2: Foul Ball, location: 2F
3-2: Fly out, F7 (Flyball, 7LSF, EV 83.8 MPH)
Batting: RHB Ignacio Páez 0-0: Ball
1-0: Ball
2-0: Swinging Strike
2-1: Foul Ball, location: 2F
2-2: Fly out, F3 (Popup, 3S, EV 79.4 MPH)
Bottom of the 1st over - 0 runs, 0 hits, 0 errors, 0 left on base; Echo Park 0 - Pittsburgh 0
TOP OF THE 2ND
Echo Park Lakers batting - Pitching for Pittsburgh Kingfishers : LHP Craig Culver
Batting: RHB Manny Inserni 0-0: Ball
1-0: Fly out, F8 (Line Drive, 89S, EV 99.4 MPH)
Batting: LHB Elijah Scott 0-0: Ball
1-0: Ball
2-0: Called Strike
2-1: Swinging Strike
2-2: Ball
3-2: Strikes out swinging
Batting: LHB George Runnalls 0-0: Called Strike
0-1: Foul Ball, location: 2F
0-2: Strikes out swinging
Top of the 2nd over - 0 runs, 0 hits, 0 errors, 0 left on base; Echo Park 0 - Pittsburgh 0
BOTTOM OF THE 2ND
Pittsburgh Kingfishers batting - Pitching for Echo Park Lakers : RHP Bungay Osiman
Batting: LHB Martín Flores 0-0: Ball
1-0: Ball
2-0: SINGLE (Line Drive, 7LS, EV 96.9 MPH)
Batting: LHB Gustavo Gonzáles 0-0: Foul Ball, location: 2F
0-1: Swinging Strike
0-2: Ball
1-2: Ball
2-2: Strikes out swinging
Batting: RHB Alohinani Puanani 0-0: Ball
1-0: Called Strike
1-1: Foul Ball, location: 2F
1-2: Fly out, F4 (Line Drive, 4, EV 61.2 MPH)
Batting: SHB Stanley Good 0-0: Ball
1-0: Called Strike
1-1: Foul Ball, location: 2F
1-2: Ball
2-2: Strikes out swinging
Bottom of the 2nd over - 0 runs, 1 hit, 0 errors, 1 left on base; Echo Park 0 - Pittsburgh 0
TOP OF THE 3RD
Echo Park Lakers batting - Pitching for Pittsburgh Kingfishers : LHP Craig Culver
Batting: LHB Ruhinda Kirkconnell 0-0: Called Strike
0-1: Ball
1-1: Called Strike
1-2: Ball
2-2: Strikes out swinging
Batting: SHB Mitch Ivey 0-0: Fly out, F8 (Flyball, 8RM, EV 87.5 MPH)
Batting: LHB Octávio Obezo 0-0: Ball
1-0: Ground out U3 (Groundball, 3L, EV 80.6 MPH)
Top of the 3rd over - 0 runs, 0 hits, 0 errors, 0 left on base; Echo Park 0 - Pittsburgh 0
BOTTOM OF THE 3RD
Pittsburgh Kingfishers batting - Pitching for Echo Park Lakers : RHP Bungay Osiman
Batting: LHB Wing-kit Ou-yang 0-0: Swinging Strike
0-1: Called Strike
0-2: Foul Ball, location: 2F
0-2: Strikes out swinging
Batting: RHB Bastien Oudin 0-0: Reached on error, E6 (Groundball, 6, EV 82.5 MPH)
Batting: RHB Shuan-yan Bu Pickoff Throw to First - Out! 1-3 CS
0-0: Called Strike
0-1: Ball
1-1: SINGLE (Groundball, 56D, EV 108.8 MPH)
Batting: LHB Kyung-chul Son 0-0: Called Strike
Shuan-yan Bu steals 2nd base
0-1: Foul Ball, location: 2F
0-2: Ball
1-2: Strikes out looking
Bottom of the 3rd over - 0 runs, 1 hit, 1 error, 1 left on base; Echo Park 0 - Pittsburgh 0
TOP OF THE 4TH
Echo Park Lakers batting - Pitching for Pittsburgh Kingfishers : LHP Craig Culver
Batting: LHB Jorge Quilez 0-0: Swinging Strike
0-1: Fly out, F7 (Flyball, 78M, EV 91.9 MPH)
Batting: RHB Jochen Nelis 0-0: Ground out 6-3 (Groundball, 6, EV 93.1 MPH)
Batting: RHB Jon Griffin 0-0: Swinging Strike
0-1: Ball
1-1: Foul Ball, location: 2F
1-2: Strikes out swinging
Top of the 4th over - 0 runs, 0 hits, 0 errors, 0 left on base; Echo Park 0 - Pittsburgh 0
BOTTOM OF THE 4TH
Pittsburgh Kingfishers batting - Pitching for Echo Park Lakers : RHP Bungay Osiman
Batting: RHB Ignacio Páez 0-0: Foul Ball, location: 2F
0-1: Foul Ball, location: 2F
0-2: Ball
1-2: Ball
2-2: Foul Ball, location: 2F
2-2: Ball
3-2: Fly out, F8 (Flyball, 8RM, EV 87.5 MPH)
Batting: LHB Martín Flores 0-0: SINGLE (Groundball, 34D, EV 101.9 MPH)
Batting: LHB Gustavo Gonzáles 0-0: Ball
1-0: Called Strike
1-1: Fly out, F6 (Popup, 6M, EV 69.4 MPH)
Batting: RHB Alohinani Puanani 0-0: Ball
1-0: Fielders Choice at 2nd, 5-4 (Groundball, 56, EV 86.2 MPH)
Bottom of the 4th over - 0 runs, 1 hit, 0 errors, 1 left on base; Echo Park 0 - Pittsburgh 0
TOP OF THE 5TH
Echo Park Lakers batting - Pitching for Pittsburgh Kingfishers : LHP Craig Culver
Batting: RHB Manny Inserni 0-0: Ball
1-0: Ball
2-0: Foul Ball, location: 2F
2-1: Foul Ball, location: 2F
2-2: Ball
3-2: Fly out, F3 (Popup, 3DF, EV 59.4 MPH)
Batting: LHB Elijah Scott 0-0: Called Strike
0-1: Foul Ball, location: 2F
0-2: Ball
1-2: Hit by Pitch
Batting: LHB George Runnalls 0-0: Ball
1-0: Ball
2-0: Ball
3-0: Base on Balls
Elijah Scott to second
Batting: LHB Ruhinda Kirkconnell 0-0: Called Strike
0-1: Called Strike
0-2: Ball
1-2: Foul Ball, location: 2F
1-2: SINGLE (Groundball, 13S, EV 61.2 MPH) (infield hit)
Elijah Scott to third
George Runnalls to second
Batting: SHB Mitch Ivey 0-0: Ball
1-0: Swinging Strike
1-1: Called Strike
1-2: Ball
2-2: Ball
3-2: Foul Ball, location: 2F
3-2: Strikes out swinging
Batting: LHB Octávio Obezo 0-0: Called Strike
0-1: Ball
1-1: Ball
2-1: Fly out, F8 (Flyball, 89M, EV 88.8 MPH)
Top of the 5th over - 0 runs, 1 hit, 0 errors, 3 left on base; Echo Park 0 - Pittsburgh 0
BOTTOM OF THE 5TH
Pittsburgh Kingfishers batting - Pitching for Echo Park Lakers : RHP Bungay Osiman
Batting: SHB Stanley Good 0-0: Ball
1-0: Ball
2-0: Ball
3-0: Called Strike
3-1: Base on Balls
Batting: LHB Wing-kit Ou-yang 0-0: Called Strike
0-1: Foul Ball, location: 2F
0-2: Foul Ball, location: 2F
0-2: DOUBLE (Line Drive, 9LD, EV 114.4 MPH)
Stanley Good to third
Batting: RHB Bastien Oudin 0-0: Ball
1-0: Ground out 3-1 (Groundball, 34, EV 85.6 MPH)
Stanley Good scores
Wing-kit Ou-yang to third
Batting: RHB Shuan-yan Bu 0-0: Fly out, F8 (Flyball, 8RM, EV 84.4 MPH)
Runner from 3rd tags up, SCORES, throw by CF
Batting: LHB Kyung-chul Son 0-0: Foul Ball, location: 2F
0-1: Foul Ball, location: 2F
0-2: Ball
1-2: Foul Ball, location: 2F
1-2: Ball
2-2: Fly out, F7 (Flyball, 78S, EV 85.6 MPH)
Bottom of the 5th over - 2 runs, 1 hit, 0 errors, 0 left on base; Echo Park 0 - Pittsburgh 2
TOP OF THE 6TH
Echo Park Lakers batting - Pitching for Pittsburgh Kingfishers : LHP Craig Culver
Batting: LHB Jorge Quilez 0-0: Ball
1-0: Foul Ball, location: 2F
1-1: Ground out 4-3 (Groundball, 34, EV 90.6 MPH)
Batting: RHB Jochen Nelis 0-0: Foul Ball, location: 2F
0-1: Foul Ball, location: 2F
0-2: Ball
1-2: Foul Ball, location: 2F
1-2: Ball
2-2: Ball
3-2: Foul Ball, location: 2F
3-2: Strikes out swinging
Batting: RHB Jon Griffin 0-0: DOUBLE (Flyball, 8RXD, EV 92.5 MPH)
Batting: RHB Manny Inserni 0-0: Ball
1-0: Fly out, F9 (Flyball, 9, EV 85.6 MPH)
Top of the 6th over - 0 runs, 1 hit, 0 errors, 1 left on base; Echo Park 0 - Pittsburgh 2
BOTTOM OF THE 6TH
Pittsburgh Kingfishers batting - Pitching for Echo Park Lakers : RHP Bungay Osiman
Batting: RHB Ignacio Páez 0-0: Called Strike
0-1: Called Strike
0-2: Foul Ball, location: 2F
0-2: Ball
1-2: Strikes out swinging
Batting: LHB Martín Flores 0-0: Called Strike
0-1: Called Strike
0-2: Ball
1-2: Ball
2-2: Strikes out swinging
Batting: LHB Gustavo Gonzáles 0-0: Ball
1-0: Called Strike
1-1: Foul Ball, location: 2F
1-2: Foul Ball, location: 2F
1-2: Ball
2-2: SINGLE (Groundball, 3D, EV 95.6 MPH)
Pitching: RHP Miguel Ávila
Batting: RHB Alohinani Puanani 0-0: Called Strike
0-1: Called Strike
0-2: Ball
1-2: Ball
2-2: Ball
3-2: Base on Balls
Gustavo Gonzáles to second
Batting: SHB Stanley Good 0-0: Swinging Strike
0-1: Called Strike
0-2: Foul Ball, location: 2F
0-2: Strikes out looking
Bottom of the 6th over - 0 runs, 1 hit, 0 errors, 2 left on base; Echo Park 0 - Pittsburgh 2
TOP OF THE 7TH
Echo Park Lakers batting - Pitching for Pittsburgh Kingfishers : LHP Craig Culver
Batting: LHB Elijah Scott 0-0: Ball
1-0: Ball
2-0: Ball
3-0: Called Strike
3-1: Swinging Strike
3-2: Strikes out swinging
Pitching: RHP Luis Boll
Batting: LHB George Runnalls 0-0: Called Strike
0-1: Ball
1-1: Foul Ball, location: 2F
1-2: Strikes out swinging
Batting: LHB Ruhinda Kirkconnell 0-0: Ball
1-0: Called Strike
1-1: Ball
2-1: Foul Ball, location: 2F
2-2: Foul Ball, location: 2F
2-2: Ball
3-2: Strikes out swinging
Top of the 7th over - 0 runs, 0 hits, 0 errors, 0 left on base; Echo Park 0 - Pittsburgh 2
BOTTOM OF THE 7TH
Pittsburgh Kingfishers batting - Pitching for Echo Park Lakers : RHP Miguel Ávila
Batting: LHB Wing-kit Ou-yang 0-0: Swinging Strike
0-1: Ball
1-1: Ground out 4-3 (Groundball, 4, EV 103.8 MPH)
Batting: RHB Bastien Oudin 0-0: Ball
1-0: Called Strike
1-1: Fly out, F8 (Flyball, 8RM, EV 86.9 MPH)
Batting: RHB Shuan-yan Bu 0-0: Called Strike
0-1: Foul Ball, location: 2F
0-2: Ball
1-2: Strikes out swinging
Bottom of the 7th over - 0 runs, 0 hits, 0 errors, 0 left on base; Echo Park 0 - Pittsburgh 2
TOP OF THE 8TH
Echo Park Lakers batting - Pitching for Pittsburgh Kingfishers : RHP Luis Boll
Batting: SHB Mitch Ivey 0-0: Swinging Strike
0-1: Ball
1-1: Called Strike
1-2: Ball
2-2: Ball
3-2: Foul Ball, location: 2F
3-2: Strikes out swinging
Batting: LHB Octávio Obezo 0-0: Ball
1-0: Ball
2-0: Ball
3-0: Ground out 5-3 (Groundball, 56S, EV 68.8 MPH)
Batting: LHB Jorge Quilez 0-0: Ground out 6-3 (Groundball, 6, EV 85.6 MPH)
Top of the 8th over - 0 runs, 0 hits, 0 errors, 0 left on base; Echo Park 0 - Pittsburgh 2
BOTTOM OF THE 8TH
Pittsburgh Kingfishers batting - Pitching for Echo Park Lakers : RHP Miguel Ávila
Batting: LHB Kyung-chul Son 0-0: Ball
1-0: Called Strike
1-1: Foul Ball, location: 2F
1-2: Foul Ball, location: 2F
1-2: Ball
2-2: DOUBLE (Flyball, 8RXD, EV 88.8 MPH)
Batting: RHB Ignacio Páez 0-0: Ball
1-0: Ball
2-0: Foul Ball, location: 2F
2-1: Foul Ball, location: 2F
2-2: Foul Ball, location: 2F
2-2: Strikes out swinging
Pitching: RHP John Gaudet
Batting: LHB Martín Flores 0-0: Called Strike
0-1: Ball
1-1: Ball
2-1: Fly out, F8 (Flyball, 8RD, EV 93.1 MPH)
Batting: LHB Gustavo Gonzáles 0-0: Foul Ball, location: 2F
0-1: Ball
1-1: Ball
2-1: Swinging Strike
2-2: Ball
3-2: Foul Ball, location: 2F
3-2: Base on Balls
Batting: RHB Alohinani Puanani 0-0: Ball
1-0: Called Strike
1-1: Ball
2-1: Fly out, F4 (Popup, 4S, EV 83.1 MPH)
Bottom of the 8th over - 0 runs, 1 hit, 0 errors, 2 left on base; Echo Park 0 - Pittsburgh 2
TOP OF THE 9TH
Echo Park Lakers batting - Pitching for Pittsburgh Kingfishers : RHP Luis Boll
Pitching: RHP Elton Ray
Batting: RHB Jochen Nelis 0-0: Foul Ball, location: 2F
0-1: Ball
1-1: Called Strike
1-2: Foul Ball, location: 2F
1-2: TRIPLE (Flyball, 89XD, EV 89.4 MPH)
Batting: RHB Jon Griffin 0-0: Ball
1-0: Foul Ball, location: 2F
1-1: Ball
2-1: Foul Ball, location: 2F
2-2: Strikes out swinging
Batting: RHB Manny Inserni 0-0: Fly out, F4 (Popup, 4, EV 53.1 MPH)
Batting: LHB Elijah Scott 0-0: Called Strike
0-1: Ball
1-1: Ball
2-1: Called Strike
2-2: Ball
3-2: Base on Balls
Batting: LHB George Runnalls 0-0: Foul Ball, location: 2F
0-1: Foul Ball, location: 2F
0-2: Ball
1-2: Ball
2-2: Strikes out swinging
Top of the 9th over - 0 runs, 1 hit, 0 errors, 2 left on base; Echo Park 0 - Pittsburgh 2
Friday, March 31st , 2023 - OOTP Baseball 23.10 Build 110